 Dungeon Crawl Stone Soup version 0.21-a0-552-g593960d (webtiles) character file.

80 tidbits the Caller (level 4, -5/32 HPs)
             Began as a Gnoll Summoner on Dec 17, 2017.
             Killed from afar by wintastic's ghost (10 damage)
             ... with a blast of sand
             ... on level 4 of the Dungeon.
             The game lasted 00:06:11 (716 turns).

tidbits the Caller (Gnoll Summoner)                  Turns: 716, Time: 00:06:11

Health: -5/32      AC:  4    Str: 10    XL:     4   Next: 39%
Magic:  7/11       EV: 14    Int: 24    God:
Gold:   105        SH:  0    Dex: 15    Spells: 7/13 levels left

rFire    . . .     SeeInvis .   a - -3 trident (curse)
rCold    . . .     Gourm    .   (no shield)
rNeg     . . .     Faith    .   B - +1 leather armour {MR+}
rPois    .         Spirit   .   (no helmet)
rElec    .         Reflect  .   (no cloak)
rCorr    .         Harm     .   (no gloves)
MR       +....                  (no boots)
Stlth    ++........             (no amulet)
HPRegen  0.10/turn              (no ring)
MPRegen  0.12/turn              (no ring)

@: brilliant, very slightly contaminated
A: distributed training, fangs 1, strong nose
a: no special abilities


You were on level 4 of the Dungeon.
You were not hungry.

You visited 1 branch of the dungeon, and saw 4 of its levels.

You collected 105 gold pieces.

Inventory:

Hand Weapons
 a - a cursed -3 trident (weapon)
 h - a +0 spear
Missiles
 e - 40 arrows
 p - 31 sling bullets
 r - 19 stones (quivered)
Armour
 d - a +0 ring mail
 j - a +0 robe
 m - a +0 scale mail of fire resistance
   (You found it on level 2 of the Dungeon)
 B - a +1 leather armour of magic resistance (worn)
   (You took it off an orc on level 3 of the Dungeon)
Scrolls
 f - 3 scrolls of teleportation {unknown}
 g - a scroll of amnesia {unknown}
 k - 2 scrolls of magic mapping {unknown}
 o - a scroll of immolation {unknown}
Potions
 q - a potion of might {unknown}
Books
 b - a book of Callings

   Spells                             Type                      Level
   a - Summon Small Mammal            Summoning                    1
   b - Call Imp                       Summoning                    2
   c - Call Canine Familiar           Summoning                    3
   d - Summon Guardian Golem          Hexes/Summoning              3
   e - Summon Lightning Spire         Summoning/Air                4
   f - Summon Ice Beast               Ice/Summoning                4
Comestibles
 c - 2 bread rations


   Skills:
 + Level 1.1 Fighting
 + Level 1.1 Short Blades
 + Level 1.1 Long Blades
 + Level 1.1 Axes
 + Level 1.1 Maces & Flails
 + Level 1.1 Polearms
 + Level 1.1 Staves
 + Level 1.1 Slings
 + Level 1.1 Bows
 + Level 1.1 Crossbows
 + Level 1.1 Throwing
 + Level 1.1 Armour
 + Level 4.6 Dodging
 + Level 4.2 Stealth
 + Level 1.1 Shields
 + Level 1.1 Unarmed Combat
 + Level 5.0 Spellcasting
 + Level 0.8 Conjurations
 + Level 0.8 Hexes
 + Level 0.8 Charms
 + Level 7.1 Summonings
 + Level 0.8 Necromancy
 + Level 0.8 Translocations
 + Level 0.8 Transmutations
 + Level 0.8 Fire Magic
 + Level 0.8 Ice Magic
 + Level 0.8 Air Magic
 + Level 0.8 Earth Magic
 + Level 0.8 Poison Magic
 + Level 1.2 Invocations
 + Level 1.1 Evocations


You had 7 spell levels left.
You knew the following spells:

 Your Spells              Type           Power        Failure   Level  Hunger
a - Summon Small Mammal   Summ           ####         1%          1    None
c - Call Canine Familiar  Summ           ######..     1%          3    ##.....
i - Call Imp              Summ           ######..     1%          2    None


Dungeon Overview and Level Annotations

Branches:
Dungeon (4/15)
 Temple: D:4-7

Altars:
Okawaru
Qazlal

Annotations:
D:4 wintastic's ghost, novice GrEE


Innate Abilities, Weirdness & Mutations

Your experience applies equally to all skills.
You have very sharp teeth.
Your uncanny sense of smell can sniff out nearby items.


Message History

Attack whom?
Press: ? - help, Dir - move target cursor, f/p - wintastic's ghost
Aim: wintastic's ghost (moderately damaged)
You reach to attack!
You catch the helpless wintastic's ghost completely off-guard!
You hit wintastic's ghost but do no damage.
Wintastic's ghost is moderately damaged.
Wintastic's ghost hits your white imp but does no damage.
Your white imp hits wintastic's ghost but does no damage.
Your crimson imp hits wintastic's ghost.
Wintastic's ghost hits your white imp.
Your white imp dies!
Attack whom?
Press: ? - help, Dir - move target cursor, f/p - wintastic's ghost
Aim: wintastic's ghost (moderately damaged)
You reach to attack!
You hit wintastic's ghost but do no damage.
Wintastic's ghost is moderately damaged.
Your crimson imp misses wintastic's ghost.
Casting: Call Imp
Confirm with . or Enter, or press ? or * to list all spells.
A metallic apparition takes form in the air.
Wintastic's ghost barely misses you.
Attack whom?
Press: ? - help, Dir - move target cursor, f/p - wintastic's ghost
Aim: wintastic's ghost (moderately damaged)
You hit wintastic's ghost but do no damage.
Wintastic's ghost is moderately damaged.
Wintastic's ghost points at you and mumbles some strange words.
The blast of sand misses you.
The blast of sand hits your crimson imp.
Your crimson imp blinks!
Your iron imp hits wintastic's ghost.
Attack whom?
Press: ? - help, Dir - move target cursor, f/p - wintastic's ghost
Aim: wintastic's ghost (moderately damaged)
You catch the helpless wintastic's ghost completely off-guard!
You hit wintastic's ghost but do no damage.
You bite wintastic's ghost, but do no damage.
Wintastic's ghost is moderately damaged.
Wintastic's ghost hits you.
Your iron imp misses wintastic's ghost.
Attack whom?
Press: ? - help, Dir - move target cursor, f/p - wintastic's ghost
Aim: wintastic's ghost (moderately damaged)
Your leather armour prevents you from hitting wintastic's ghost.
Wintastic's ghost is moderately damaged.
You flicker for a moment.
Wintastic's ghost closely misses you.
Your crimson imp blinks!
Wintastic's ghost barely misses you.
Your iron imp misses wintastic's ghost.
Attack whom?
Press: ? - help, Dir - move target cursor, f/p - wintastic's ghost
Aim: wintastic's ghost (moderately damaged)
You catch the helpless wintastic's ghost completely off-guard!
You hit wintastic's ghost.
Wintastic's ghost is heavily damaged.
Wintastic's ghost hits you.
Your crimson imp blinks!
Your iron imp barely misses wintastic's ghost.
Attack whom?
Press: ? - help, Dir - move target cursor, f/p - wintastic's ghost
Aim: wintastic's ghost (heavily damaged, hasn't noticed you)
You barely miss wintastic's ghost.
Wintastic's ghost is heavily damaged.
You hear the slow hiss of a distant avalanche of sand.
Wintastic's ghost closely misses you.
Your iron imp hits wintastic's ghost!
Attack whom?
Press: ? - help, Dir - move target cursor, f/p - wintastic's ghost
Aim: wintastic's ghost (severely damaged)
You closely miss wintastic's ghost. Your bite misses wintastic's ghost.
Wintastic's ghost is severely damaged.
Wintastic's ghost hits you.
Your iron imp hits wintastic's ghost.
Attack whom?
Press: ? - help, Dir - move target cursor, f/p - wintastic's ghost
Aim: wintastic's ghost (severely damaged)
You hit wintastic's ghost.
Wintastic's ghost is almost destroyed.
Wintastic's ghost hits you!
* * * LOW HITPOINT WARNING * * *
Your crimson imp blinks!
Wintastic's ghost points at you and mumbles some strange words.
The blast of sand hits you!
* * * LOW HITPOINT WARNING * * *
Your iron imp closely misses wintastic's ghost.
Attack whom?
Press: ? - help, Dir - move target cursor, f/p - wintastic's ghost
Aim: wintastic's ghost (almost destroyed)
You hit wintastic's ghost but do no damage.
Wintastic's ghost is almost destroyed.
You flicker back into view.
Wintastic's ghost barely misses you.
Your iron imp completely misses wintastic's ghost.
Attack whom?
Press: ? - help, Dir - move target cursor, f/p - wintastic's ghost
Aim: wintastic's ghost (severely damaged)
You hit wintastic's ghost.
Wintastic's ghost is almost destroyed.
Wintastic's ghost gestures at you while chanting.
The blast of sand hits you!
You die...

#.......###........
##........+........
#.#...####........
#.##.## ##.......
#.#### ##.....# #.#
##...## #.# ##+#
#5# #@# ## #W# ..
#5# .# #.# #.. ∆
###


You could see wintastic's ghost, a friendly iron imp and a friendly crimson imp.

Vanquished Creatures
  A scorpion (D:4)
  An adder (D:2)
  An ooze (D:1)
  An orc (D:3)
  3 bats
  A giant cockroach (D:1)
  3 goblins
  A hobgoblin (D:2)
  2 frilled lizards
  A rat (D:1)
15 creatures vanquished.

Vanquished Creatures (collateral kills)
  An adder (D:2)
  An ooze (D:4)
  A worm (D:2)
  A dart slug (D:1)
  A leopard gecko (D:4)
  A bat (D:1)
  2 giant cockroaches
  A hobgoblin (D:2)
  A jackal (D:3)
  4 frilled lizards
  A kobold (D:2)
  A rat (D:1)
16 creatures vanquished.

Grand Total: 31 creatures vanquished

Notes
Turn   | Place    | Note
-------+----------+-------------------------------------------
     0 | D:1      | tidbits the Gnoll Summoner began the quest for the Orb.
     0 | D:1      | Reached XP level 1. HP: 13/13 MP: 6/6
   140 | D:1      | Reached XP level 2. HP: 11/19 MP: 5/7
   145 | D:1      | Learned a level 2 spell: Call Imp
   318 | D:2      | Reached XP level 3. HP: 25/25 MP: 7/9
   323 | D:2      | Learned a level 3 spell: Call Canine Familiar
   350 | D:2      | Reached skill level 5 in Spellcasting
   367 | D:2      | Found a stormy altar of Qazlal.
   434 | D:1      | Reached skill level 1 in Invocations
   572 | D:4      | Noticed a scorpion
   588 | D:4      | Killed a scorpion
   588 | D:4      | Reached skill level 1 in Fighting
   588 | D:4      | Reached skill level 1 in Short Blades
   588 | D:4      | Reached skill level 1 in Long Blades
   588 | D:4      | Reached skill level 1 in Axes
   588 | D:4      | Reached skill level 1 in Maces & Flails
   588 | D:4      | Reached skill level 1 in Polearms
   588 | D:4      | Reached skill level 1 in Staves
   588 | D:4      | Reached skill level 1 in Slings
   588 | D:4      | Reached skill level 1 in Bows
   588 | D:4      | Reached skill level 1 in Crossbows
   588 | D:4      | Reached skill level 1 in Throwing
   588 | D:4      | Reached skill level 1 in Armour
   588 | D:4      | Reached skill level 1 in Shields
   588 | D:4      | Reached skill level 1 in Unarmed Combat
   588 | D:4      | Reached skill level 1 in Evocations
   588 | D:4      | Reached XP level 4. HP: 17/32 MP: 4/11
   640 | D:4      | Found an iron altar of Okawaru.
   696 | D:4      | Noticed wintastic's ghost (novice GrEE)
   716 | D:4      | Killed from afar by wintastic's ghost

Vault maps used:
D:1:      saegor_arrival_under_anarchy
D:2:      grunt_temple_overflow_diamond, nicolae_qazlal_general_emergency
D:3:      first_bread, minmay_goblin_kobold_house, uniq_grinder
D:4:      lemuel_coloured_pillars_altar, gup_ossuary_entry_pyramid

Skill      XL: |  1  2  3 |
---------------+----------+-----
Spellcasting   | 5 |  5.0
Invocations    | 1 |  1.2
Fighting       | 1 |  1.1
Short Blades   | 1 |  1.1
Long Blades    | 1 |  1.1
Axes           | 1 |  1.1
Maces & Flails | 1 |  1.1
Polearms       | 1 |  1.1
Staves         | 1 |  1.1
Slings         | 1 |  1.1
Bows           | 1 |  1.1
Crossbows      | 1 |  1.1
Throwing       | 1 |  1.1
Armour         | 1 |  1.1
Shields        | 1 |  1.1
Unarmed Combat | 1 |  1.1
Evocations     | 1 |  1.1
Dodging        | |  4.6
Stealth        | |  4.2
Conjurations   | |  0.8
Hexes          | |  0.8
Charms         | |  0.8
Summonings     | |  7.1
Necromancy     | |  0.8
Translocations | |  0.8
Transmutations | |  0.8
Fire Magic     | |  0.8
Ice Magic      | |  0.8
Air Magic      | |  0.8
Earth Magic    | |  0.8
Poison Magic   | |  0.8

Action                   |  1- 3 |  4- 6 || total
-------------------------+-------+-------++-------
Melee: Spear             |    23 |       ||    23
       Unarmed           |     1 |       ||     1
       Trident           |    48 |    20 ||    68
       Bite              |     4 |     1 ||     5
 Cast: Summon Small Mamm |    23 |     1 ||    24
       Call Imp          |     5 |     3 ||     8
  Use: Potion            |       |     3 ||     3
 Stab: Sleeping          |     4 |     1 ||     5
       Invisible         |       |     3 ||     3
       Distracted        |       |     1 ||     1
Armor: Robe              |     7 |       ||     7
       Leather armour    |     1 |       ||     1
Dodge: Dodged            |    46 |    10 ||    56

Table legend:
 A = Spawn XP
 B = Non-spawn XP
 C = Spawn XP percentage of total XP
 D = Spawn monster count
 E = Non-spawn monster count
 F = Spawn count percentage of total count
 G = Total turns spent on level
                    A         B        C        D         E        F      G
               +---------+---------+-------+---------+---------+-------+---------
         Total |       0 |     115 |   0.0 |       0 |      31 |   0.0 |   716
               +---------+---------+-------+---------+---------+-------+---------
           D:1 |       0 |      23 |   0.0 |       0 |      13 |   0.0 |   269
           D:2 |       0 |      39 |   0.0 |       0 |      13 |   0.0 |   239
           D:3 |       0 |       4 |   0.0 |       0 |       2 |   0.0 |    58
           D:4 |       0 |      49 |   0.0 |       0 |       3 |   0.0 |   150
               +---------+---------+-------+---------+---------+-------+---------

Table legend:
 A = Turns spent in this place as a percentage of turns spent in the entire game.
 B = Non-inter-level travel turns spent in this place as a percentage of non-inter-level travel turns spent in the entire game.
 C = Inter-level travel turns spent in this place as a percentage of turns spent in this place.
 D = Turns resting spent in this place as a percentage of non-inter-level travel turns spent in this place.
 E = Turns spent auto-exploring this place as a percentage of non-inter-level travel turns spent in this place.
 F = Non-inter-level travel turns spent in this place divided by the number of levels of this place that you've seen.
                   A       B       C       D       E      F
               +-------+-------+-------+-------+-------+----------------------
         Total | 100.0 | 100.0 |   0.0 |   0.0 |   0.0 | 179.0
       Dungeon | 100.0 | 100.0 |   0.0 |   0.0 |   0.0 | 179.0
               +-------+-------+-------+-------+-------+----------------------

Table legend:
 A = Kills in this place as a percentage of kills in entire the game.
 B = Kills by you in this place as a percentage of kills by you in the entire game.
 C = Kills by friends in this place as a percentage of kills by friends in the entire game.
 D = Other kills in this place as a percentage of other kills in the entire game.
 E = Experience gained in this place as a percentage of experience gained in the entire game.
 F = Experience gained in this place divided by the number of levels of this place that you have seen.
                   A       B       C       D       E      F
               +-------+-------+-------+-------+-------+----------------------
         Total | 100.0 | 100.0 | 100.0 |   N/A | 100.0 |  28.8
       Dungeon | 100.0 | 100.0 | 100.0 |   N/A | 100.0 |  28.8
               +-------+-------+-------+-------+-------+----------------------

Vault maps used:
D:1:      saegor_arrival_under_anarchy
D:2:      grunt_temple_overflow_diamond, nicolae_qazlal_general_emergency
D:3:      first_bread, minmay_goblin_kobold_house, uniq_grinder
D:4:      lemuel_coloured_pillars_altar, gup_ossuary_entry_pyramid
